 Dungeon Crawl Stone Soup version 0.15-a0-335-g04a2ae6 (webtiles) character file.

177 4tharraofdagon the Firebug (level 2, 0/19 HPs)
             Began as a Human Fire Elementalist on May 1, 2014.
             Succumbed to an adder's poison
             ... on Level 7 of the Dungeon.
             The game lasted 00:03:18 (682 turns).

4tharraofdagon the Firebug (Human Fire Elementalist) Turns: 682, Time: 00:03:18

HP   0/19        AC  2     Str  8      XL: 2   Next: 95%
MP   0/4         EV 12     Int 15      God:
Gold 158         SH  0     Dex 14      Spells:  1 memorised,  4 levels left

rFire  . . .     SeeInvis .     i - +2 dagger (drain)
rCold  . . .     Clarity  .     a - +0 robe
rNeg   . . .     Conserve .     (no shield)
rPois  .         rCorr    .     (no helmet)
rElec  .         rRot     .     (no cloak)
SustAb . .       Spirit   .     (no gloves)
rMut   .         Warding  .     (no boots)
Saprov . . .     Stasis   .     (no amulet)
MR     .....                    (no ring)
                                j - +1 ring of dexterity

@: lethally poisoned, very slightly contaminated, not resistant to hostile
enchantments, unstealthy
A: no striking features
a: no special abilities


You were on level 7 of the Dungeon.
You were not hungry.

You visited 1 branch of the dungeon, and saw 8 of its levels.

You collected 158 gold pieces.

Inventory:

Hand weapons
 i - a +2,+2 dagger of draining (weapon)
Armour
 a - a +0 robe (worn)
Magical devices
 m - a wand of fire (6)
Comestibles
 c - 4 bread rations
 f - an orange
Scrolls
 d - a scroll of enchant weapon I {unknown}
 g - a scroll of teleportation {unknown}
 h - 2 scrolls of fear {unknown}
 k - a scroll of remove curse {unknown}
 l - a scroll of enchant weapon II {unknown}
 n - a scroll of identify {unknown}
 o - a scroll of fog {unknown}
Jewellery
 j - a +1 ring of dexterity (left hand)
Books
 b - a book of Flames

   Spells                             Type                      Level
   *Flame Tongue                      Conjuration/Fire             1
   Throw Flame                        Conjuration/Fire             2
   Conjure Flame                      Conjuration/Fire             3
   Inner Flame                        Hexes/Fire                   3
   Sticky Flame                       Conjuration/Fire             4
   Fireball                           Conjuration/Fire             5


   Skills:
 - Level 2.0 Dodging
 - Level 2.0 Stealth
 + Level 2.2 Spellcasting
 * Level 1.8 Conjurations
 * Level 3.3 Fire Magic


You had 4 spell levels left.
You knew the following spells:

 Your Spells              Type           Power        Failure   Level  Hunger
a - Flame Tongue          Conj/Fire      #....        10%         1    #......


Dungeon Overview and Level Annotations

Branches:
Dungeon (8/15)
 Temple: D:4-7         Lair: D:8-11

Altars:

Annotations:
D:2 Terence
D:5 4tharraofdagon's ghost, experienced NaTm


Message History

You are very lightly contaminated with residual magic.
Sparks fly from your hands!
You feel sick. The adder bites you.
You are lethally poisoned!
The adder poisons you! The adder barely misses you.
Drink which item? (? for menu, Esc to quit)
That liquid tasted very nasty...
You are more poisoned.
It was a potion of poison.
You feel sick. The adder barely misses you.
Unknown command.
You closely miss the adder.
You feel sick. The adder bites you. The crimson imp spits at you.
The crimson imp barely misses you.
Unknown command.
You completely miss the adder.
You feel sick. The adder bites you.
* * * LOW HITPOINT WARNING * * *
You are more poisoned.
The adder poisons you! The crimson imp hits you with a club.
* * * LOW HITPOINT WARNING * * *
The adder misses you.
You completely miss the adder.
You die...

... ..= . #.. #. . ... .. #.
#.# . .###.##.#.# ........#.#
#....S.# #@# ##+## #5#
##...## #.### ##.....##
##.#.# ##.......## ##...#.##
#
#.........####...###.##.###.
'.........+..................
#.........####...#.#.##.....
##.......## ##.#.#.## #
##.....## ####.##


You could see a crimson imp and an adder.

Vanquished Creatures
  4 orcs (D:4)
  A giant cockroach (D:5)
  A goblin (D:7)
  A hobgoblin (D:4)
  3 bats
  A kobold (D:2)
  5 rats
16 creatures vanquished.

Notes
Turn   | Place    | Note
--------------------------------------------------------------
     0 | D:1      | 4tharraofdagon, the Human Fire Elementalist, began the quest for the Orb.
     0 | D:1      | Reached XP level 1. HP: 13/13 MP: 3/3
   100 | D:2      | Noticed Terence
   332 | D:4      | Reached XP level 2. HP: 19/19 MP: 1/4
   371 | D:5      | Entered Level 5 of the Dungeon
   381 | D:5      | Noticed 4tharraofdagon's ghost (experienced NaTm)
   404 | D:5      | Noticed an ogre
   682 | D:7      | Succumbed to an adder's poison

Action                   || total
-------------------------++-------
Melee: Unarmed           ||     3
       Dagger            ||    21
 Cast: Flame Tongue      ||    19
Evoke: Wand              ||     1
  Use: Potion            ||     2
 Stab: Distracted        ||     1
